 Dungeon Crawl Stone Soup version 0.16.1-51-g6203257 (webtiles) character file.

395103 rutigerpupkin the Pyromancer (level 23, -22/140 HPs)
             Began as a Gargoyle Fire Elementalist on Aug 4, 2015.
             Was the Champion of Vehumet.
             Killed by the air
             ... invoked by a titan
              (54 damage)
             ... on level 4 of the Vaults on Aug 7, 2015.
             The game lasted 08:31:04 (71584 turns).

rutigerpupkin the Pyromancer (GrFE)                Turns: 71584, Time: 08:31:04

Health: -22/140    AC: 28    Str:  8    XL:     23   Next: 18%
Magic:  40/45      EV: 12    Int: 28    God:    Vehumet [******]
Gold:   4121       SH: 16    Dex: 15    Spells: 8 memorised, 5 levels left

rFire  + + +     SeeInvis +     Q - staff of fire
rCold  + . .     Clarity  .     R - +2 robe {rC+ rF+}
rNeg   + . .     SustAb   .     S - +3 shield {reflect}
rPois  ∞         Gourm    .     j - +0 helmet
rElec  +         Spirit   .     M - +0 cloak
rCorr  .         Warding  .     F - +2 pair of gloves {archery}
rMut   .         Stasis   .     P - +0 pair of boots of Least Resistance {+Blink rC+ Int-3 Dex+2}
MR     ++...                    (no amulet)
Stlth  ++........               L - ring "Urozxif" {Fire rPois MP+9 Str-4 Int+5}
                                e - ring of Luep Age {MR+ Dex+3}

@: flying, delayed fireball, very resistant to hostile enchantments, unstealthy
A: able to fly continuously, big wings, see invisible, negative energy
resistance 1, shaggy fur 1, electricity resistance, unbreathing, petrification
resistance, rot immunity, AC +17
a: Stop Flying, Renounce Religion, Release Delayed Fireball, Evoke Blink
}: 2/15 runes: serpentine, barnacled


You were on level 4 of the Vaults.
You worshipped Vehumet.
Vehumet was exalted by your worship.
You were hungry.

You visited 8 branches of the dungeon, and saw 46 of its levels.
You also visited: Ice Cave and Wizlab.

You collected 5102 gold pieces.
You spent 981 gold pieces at shops.

Inventory:

Hand weapons
 y - the +4 dagger "Morg" {pain, MR+ Int+5}
   (You took it off a merfolk on level 5 of the Shoals)

   In the hands of one skilled in necromantic magic, it inflicts extra damage on
   living creatures.
   It affects your intelligence (+5).
   It affects your resistance to hostile enchantments.
 A - a +0 quarterstaff of freezing
 I - a +0 blowgun
Missiles
 k - 4 needles of frenzy
 O - 6 curare-tipped needles
 V - 4 javelins of penetration (quivered)
Armour
 f - a +2 buckler
 j - a +0 helmet (worn)
 F - a +2 pair of gloves of archery (worn)
 M - a +0 cloak (worn)
 P - the +0 pair of boots of Least Resistance (worn) {+Blink rC+ Int-3 Dex+2}
   (You bought it in a shop on level 5 of the Dungeon)

   It affects your intelligence (-3).
   It affects your dexterity (+2).
   It protects you from cold.
   It lets you blink.
 R - a +2 robe of resistance (worn)
 S - a +3 shield of reflection (worn)
Magical staves
 B - an uncursed staff of energy
 Q - an uncursed staff of fire (weapon)
Rods
 z - a +8 rod of inaccuracy (17/17)
   (You took it off an orc wizard on level 3 of the Dungeon)
Jewellery
 e - the ring of Luep Age (left hand) {MR+ Dex+3}
   (You took it off a deep elf sorcerer on level 3 of the Elven Halls)

   [ring of dexterity]

   It affects your dexterity (+3).
   It affects your resistance to hostile enchantments.
 i - an uncursed amulet of regeneration
 u - an uncursed amulet of stasis
 H - an uncursed ring of fire
 L - the ring "Urozxif" (right hand) {Fire rPois MP+9 Str-4 Int+5}
   (You acquired it on level 2 of the Lair of Beasts)

   [ring of fire]

   It enhances your fire magic, and weakens your ice magic.
   It affects your strength (-4).
   It affects your intelligence (+5).
   It protects you from fire.
   It makes you vulnerable to cold.
   It protects you from poison.
   It affects your magic capacity (+9).
Magical devices
 d - a wand of cold (12)
 n - a wand of teleportation (1)
 r - a wand of fireball (4)
 D - a wand of disintegration (2)
 J - a wand of lightning (3)
Scrolls
 b - a scroll of identify
 m - 16 scrolls of teleportation
 t - 6 scrolls of blinking
 v - a scroll of torment
Potions
 l - 17 potions of curing
 o - a potion of magic
 s - 7 potions of heal wounds
 x - 4 potions of haste
 T - 3 potions of cancellation
Miscellaneous
 h - a fan of gales
 p - a lamp of fire
 q - a plain deck of changes
 C - a plain deck of changes {the Shadow}
 X - a stone of tremors
Comestibles
 a - 2 beef jerkies
 c - 19 bread rations
 g - 21 fruits
 w - 7 chunks of flesh


   Skills:
 - Level 13.0 Fighting
 - Level 8.0 Staves
 - Level 1.5 Dodging
 - Level 2.1 Stealth
 - Level 15.0 Shields
 - Level 9.0 Spellcasting
 + Level 19.6 Conjurations
 - Level 8.0 Summonings
 - Level 5.0 Translocations
 * Level 23.6 Fire Magic
   Level 5.8 Air Magic
 - Level 8.0 Evocations


You had 5 spell levels left.
You knew the following spells:

 Your Spells              Type           Power        Failure   Level  Hunger
b - Conjure Flame         Conj/Fire      ########     0%          3    None
d - Bolt of Magma         Conj/Fire/Erth ########..   1%          5    ####...
e - Orb of Destruction    Conj           #######...   1%          7    #######
f - Fireball              Conj/Fire      ########..   1%          5    ####...
g - Sticky Flame          Conj/Fire      ########     0%          4    None
h - Blink                 Tloc           N/A          1%          2    None
i - Delayed Fireball      Conj/Fire      N/A          1%          7    #######
j - Spellforged Servitor  Conj/Summ      ######....   4%          7    #######


Dungeon Overview and Level Annotations

Branches:
Dungeon (15/15)            Temple (1/1) D:7            Lair (8/8) D:9
 Shoals (5/5) Lair:5        Snake (5/5) Lair:4        Slime (0/6) Lair:6
    Orc (4/4) D:9             Elf (3/3) Orc:4        Vaults (5/5) D:14
  Crypt (0/3) Vaults:2     Depths (0/5) D:15

Altars:
Ashenzari
Cheibriados
Dithmenos
Elyvilon
Fedhas
Gozag
Kikubaaqudgha
Makhleb
Nemelex Xobeh
Okawaru
Qazlal
Ru
Sif Muna
Trog
Vehumet
Xom
Yredelemnul
Zin
The Shining One
Beogh
Jiyva

Shops:
D:5 [   D:10 :   D:15 =   Orc:1 :   Orc:4 ([*:   Snake:3 [   Vaults:1 :
Vaults:2 [   Vaults:3 *

Portals:
Trove: D:10 (give wand of hasting (8))

Annotations:
D:15 exclusion: obsidian statue
Vaults:5 Xtahua


Innate Abilities, Weirdness & Mutations

You are resistant to torment.
You are immune to poison.
You can fly continuously.
Your stone body is very resilient (AC +17).
Your wings are large and strong.
You resist negative energy.
You are resistant to electric shocks.
You can survive without breathing.
You are immune to petrification.
You are immune to rotting.
You have supernaturally acute eyesight.
You are covered in fur (AC +1).


Message History

You block the vault guard's attack.
Your spellforged servitor gestures at the vault guard while chanting.
The bolt of magma hits the titan.
The bolt of magma hits the vault guard.
The vault guard hits you but does no damage.
The titan waves its arms in wide circles.
The air twists around and violently strikes you in flight!
The vault guard hits you from afar with a halberd!
Your spellforged servitor conjures a glowing orb.
The titan waves its arms in wide circles.
The air twists around and violently strikes you in flight!
* * * LOW HITPOINT WARNING * * *
Your spellforged servitor casts a spell at the vault guard.
The bolt of magma hits the vault guard.
The orb of destruction hits the vault guard.
The vault guard is blown up!
Vehumet accepts your kill.
There is a large open door here.
The titan waves its arms in wide circles.
The air twists around and violently strikes you in flight!
You die...

..##......# #....'.....##
..##.....## #....##.....##
...'....## #....###.....##
#..#[[.## #.[[[# ##.....##
#..#[.## ###....# ##.....#
#..#..## ##.#....# ##....#
#..#...## ##..#....#
##...#
...#.[.>####...#....#
######'##
..##[[..[##.)..#@...#
#.......#
..##8§§§[§C..ppp....#
#..<....#
.###.[[...)....'....#
#.......# ##
#############....#
#.......# #########....#
#....)..### #.......#....#
#.......##. #..<....#....#
##########. ####
#.......#....#############
...##
#.......#....'......##....


You could see a titan and 3 vault guards.

Vanquished Creatures
  Saint Roka (Vaults:3)
  An Ice Fiend (IceCv)
  Vashnia (Snake:2)
  2 deep elf blademasters
  Asterion (Snake:5)
  A deep elf master archer (Elf:3)
  2 sphinxes (Vaults:3)
  2 draconian monks (WizLab)
  Frances (Shoals:4)
  A tengu reaver (Vaults:3)
  Roxanne (D:14)
  Ilsuiw (Shoals:5)
  Donald (Orc:4)
  An orc warlord (Orc:4)
  3 frost giants
  6 deep elf sorcerers (Elf:3)
  6 greater nagas (Snake:5)
  Aizul (Shoals:3)
  Louise (D:14)
  8 vault wardens
  Gastronok (Lair:1)
  Jorgrun (Vaults:2)
  10 ironheart preservers
  A war gargoyle (Vaults:4)
  6 stone giants
  4 very ugly things (Vaults:4)
  8 deep elf demonologists
  6 dire elephants (Lair:8)
  5 deep elf annihilators
  2 ettins
  6 merfolk javelineers
  6 deep elf death magi (Elf:3)
  9 merfolk impalers
  4 deep elf high priests
  3 fire dragons
  23 vault guards
  5 yaktaur captains
  4 great orbs of eyes
  6 hydras
  17 naga warriors
  12 centaur warriors
  Nessos (Shoals:2)
  7 ogre magi
  10 anacondas
  8 merfolk avatars
  8 merfolk aquamancers
  2 tengu warriors
  2 alligator snapping turtles
  13 dancing weapons
  A deep troll earth mage (Vaults:4)
  A deep troll shaman (Vaults:4)
  3 satyrs
  9 shock serpents
  A death yak (Lair:6)
  21 naga sharpshooters
  2 orc high priests (Orc:4)
  23 deep elf knights
  2 storm dragon zombies (Vaults:3)
  8 deep trolls
  A soul eater (D:15)
  3 salamander mystics
  2 shadow wraiths
  4 fire crabs
  2 flayed ghosts
  7 ice devils
  4 unseen horrors
  The ghost of mossdog the Covert, an experienced SpEn of Sif Muna (Lair:2)
  3 hill giants
  17 sea snakes
  3 giant orange brains
  5 hell knights (D:15)
  An unseen horror (shapeshifter) (Vaults:3)
  12 deep elf summoners
  4 ice statues (IceCv)
  8 naga ritualists
  A tengu zombie (Vaults:4)
  3 necromancers
  Pikel (D:4)
  19 ironbrand convokers
  18 deep elf conjurers
  A glowing shapeshifter (Vaults:4)
  4 mana vipers
  A tengu skeleton (Vaults:4)
  A harpy (shapeshifter) (Vaults:1)
  15 orc knights
  4 oklob plants (Lair:6)
  32 ugly things
  14 manticores
  9 salamanders
  3 wolf spiders
  8 cyclopes
  10 harpies
  6 fauns
  3 orc sorcerers
  7 griffons
  A fire giant zombie (Vaults:4)
  7 guardian serpents (Snake:5)
  3 water nymphs (Shoals:5)
  23 black mambas
  2 rust devils (D:15)
  4 centaur zombies
  The ghost of jasne the Shield-Bearer, an experienced DDFi (D:4)
  2 drowned souls (Shoals:1)
  7 sirens
  4 elephants (Lair:8)
  2 gargoyles
  14 vault sentinels
  20 naga magi
  A torpor snail (Lair:6)
  3 orange demons
  A queen ant (Lair:4)
  8 spiny frogs
  A yaktaur zombie (Vaults:4)
  2 smoke demons (D:15)
  3 kobold demonologists
  5 centaur skeletons
  4 anaconda simulacra (IceCv)
  8 yaktaurs
  10 blue devils
  10 trolls
  12 deep elf priests
  2 human skeletons
  2 fire drakes
  2 hellwings
  3 jumping spiders
  6 komodo dragons
  A tengu conjurer (D:12)
  2 red devils (D:15)
  A yaktaur skeleton (Vaults:4)
  3 harpy zombies (Shoals:2)
  25 merfolk
  A golden dragon simulacrum (IceCv)
  A wolf spider simulacrum (D:14)
  5 freezing wraiths
  Sonja (D:11)
  A polar bear (Lair:4)
  4 wind drakes
  19 blink frogs
  5 ravens
  9 slime creatures
  11 two-headed ogres
  A two-headed ogre (shapeshifter) (Vaults:1)
  3 human simulacra (Vaults:3)
  9 boulder beetles
  A griffon zombie (Shoals:2)
  A stone giant simulacrum (Vaults:4)
  A centaur simulacrum (D:14)
  7 redbacks
  12 snapping turtles
  A vampire (D:14)
  25 water elementals
  8 basilisks
  A raiju (shapeshifter) (Vaults:4)
  A tarantella (Orc:4)
  An ettin skeleton (Vaults:4)
  89 yaks
  2 shadows
  9 wyverns
  Eustachio (D:8)
  27 deep elf magi
  27 deep elf fighters
  21 vampire mosquitoes
  A small abomination (Elf:2)
  A fire elemental (Lair:6)
  7 soldier ants
  14 hippogriffs
  2 mottled dragons
  3 iron troll simulacra (IceCv)
  3 wargs
  2 harpy simulacra (IceCv)
  2 wraiths
  Edmund (D:4)
  A steam dragon (Lair:4)
  A mottled dragon (shapeshifter) (Vaults:3)
  83 nagas
  3 slaves (D:4)
  14 porcupines
  27 water moccasins
  A spider (shapeshifter) (Vaults:4)
  A swamp drake (D:9)
  2 black bears
  A wasp (D:13)
  3 human zombies
  11 ice beasts
  7 sky beasts
  38 centaurs
  50 orc warriors
  2 boring beetles
  An eye of draining (D:13)
  36 ogres
  A crocodile (shapeshifter) (Vaults:4)
  7 boggarts (Vaults:3)
  7 phantoms
  15 crocodiles
  3 big kobolds
  Blork the orc (D:8)
  A glowing shapeshifter simulacrum (Vaults:3)
  20 giant frogs
  A water moccasin skeleton (D:10)
  A water moccasin zombie (D:10)
  6 killer bees
  5 scorpions
  8 electric eels
  A hippogriff zombie (Shoals:2)
  3 jellies
  17 hounds
  A quasit (D:11)
  6 wights
  12 crimson imps
  2 goliath beetles
  A lava snake (Lair:6)
  24 orc priests
  36 orc wizards
  11 iguanas
  A giant frog zombie (D:13)
  A giant frog skeleton (D:5)
  37 worker ants
  13 hell rats
  35 sheep
  Ijyb (D:2)
  2 hound zombies
  2 hound skeletons
  A mummy (D:12)
  7 gnolls
  18 adders
  110 river rats
  3 shadow imps
  2 giant mites
  5 worms
  2 adder skeletons (D:5)
  197 orcs
  A bat skeleton (D:6)
  A bat zombie (Shoals:2)
  4 giant cockroaches
  16 hobgoblins
  11 jackals
  11 quokkas
  3 ball pythons
  16 bats
  4 giant geckos
  5 giant newts
  A giant spore (D:12)
  24 goblins
  27 kobolds
  16 rats
  14 ballistomycetes
  A bush (Lair:8)
  3 fungi
  37 plants
2190 creatures vanquished.

Vanquished Creatures (collateral kills)
  Jory (Vaults:4)
  A deep elf blademaster (Elf:3)
  A fire giant (Vaults:2)
  A greater naga (Snake:5)
  A vault warden (Vaults:1)
  3 deep elf demonologists (Elf:3)
  A fire dragon (Vaults:1)
  6 vault guards
  A yaktaur captain (Vaults:4)
  Fannar (Elf:3)
  2 naga warriors (Snake:5)
  A ghost crab (shapeshifter) (Vaults:4)
  5 dancing weapons (Elf:2)
  3 deep elf knights (Elf:2)
  2 deep trolls (Vaults:4)
  A naga ritualist (Snake:5)
  An ironbrand convoker (Vaults:4)
  An orc sorcerer (Vaults:3)
  A wolf spider (Vaults:4)
  3 deep elf conjurers (Elf:2)
  A harpy (Vaults:2)
  A black mamba (Snake:5)
  A guardian serpent (Snake:5)
  3 vault sentinels
  2 naga magi (Snake:5)
  A yaktaur (Vaults:1)
  2 deep elf priests (Elf:2)
  A freezing wraith (Vaults:4)
  A two-headed ogre (Vaults:4)
  2 deep elf magi (Elf:2)
  3 deep elf fighters
  A warg (Vaults:3)
  2 nagas (Snake:5)
  A vampire mosquito (Vaults:1)
  2 orc warriors (Vaults:4)
  3 ogres (Vaults:4)
  A river rat (Lair:2)
  An orc (Vaults:4)
66 creatures vanquished.

Vanquished Creatures (others)
  Nikola (Shoals:1)
  A deep elf master archer (Elf:3)
  A stone giant (Vaults:3)
  5 spellforged servitors
  2 yaktaur captains (Vaults:4)
  A centaur warrior (Vaults:4)
  2 naga sharpshooters
  A deep elf knight (Elf:2)
  A sixfirhy (D:15)
  3 cyclopes
  3 drowned souls (Shoals:1)
  A vault sentinel (Vaults:4)
  A yaktaur (D:14)
  A merfolk (Shoals:4)
  A ynoxinul (Vaults:3)
  A deep elf fighter (Vaults:1)
  3 centaurs
  2 lost souls (Elf:3)
  2 orcs
  A quokka (Lair:4)
  6 giant spores
  A rat (D:4)
  2 ballistomycetes
  2 bushes
  19 fungi
  27 plants
91 creatures vanquished.

Grand Total: 2347 creatures vanquished

Notes
Turn   | Place    | Note
--------------------------------------------------------------
     0 | D:1      | rutigerpupkin, the Gargoyle Fire Elementalist, began the quest for the Orb.
     0 | D:1      | Reached XP level 1. HP: 10/10 MP: 3/3
   206 | D:1      | Reached XP level 2. HP: 15/15 MP: 1/4
   677 | D:1      | Reached XP level 3. HP: 19/19 MP: 4/6
   682 | D:1      | Learned a level 3 spell: Conjure Flame
  1018 | D:2      | Found a sparkling altar of Nemelex Xobeh.
  1483 | D:2      | Noticed Ijyb
  1492 | D:2      | Killed Ijyb
  1492 | D:2      | Reached skill level 4 in Fire Magic
  1492 | D:2      | Reached XP level 4. HP: 22/24 MP: 2/8
  1811 | D:3      | Found a stormy altar of Qazlal.
  1813 | D:3      | Noticed an earth elemental
  1814 | D:3      | Noticed a fire elemental
  1814 | D:3      | Noticed a water elemental
  1814 | D:3      | Noticed an air elemental
  2011 | D:3      | Reached XP level 5. HP: 28/28 MP: 2/11
  2096 | D:3      | Identified a +0 rod of inaccuracy (1/10) (You took it off an orc wizard on level 3 of the Dungeon)
  2164 | D:3      | Noticed a phantom
  2182 | D:3      | Killed a phantom
  2182 | D:3      | Reached skill level 5 in Fire Magic
  2182 | D:3      | Reached XP level 6. HP: 30/32 MP: 4/13
  2940 | D:4      | Noticed Pikel
  2956 | D:4      | Killed Pikel
  2956 | D:4      | Reached skill level 6 in Fire Magic
  2956 | D:4      | Reached XP level 7. HP: 30/36 MP: 6/17
  2956 | D:4      | Reached XP level 8. HP: 34/41 MP: 6/18
  3666 | D:4      | Noticed Edmund
  3701 | D:4      | Killed Edmund
  3701 | D:4      | Reached skill level 7 in Fire Magic
  3774 | D:4      | Noticed jasne's ghost (experienced DDFi)
  3895 | D:4      | Killed jasne's ghost
  3895 | D:4      | Reached skill level 1 in Fighting
  3895 | D:4      | Reached skill level 5 in Conjurations
  4145 | D:5      | Entered Level 5 of the Dungeon
  4220 | D:5      | Found a shattered altar of Ashenzari.
  4283 | D:4      | Learned a level 4 spell: Sticky Flame
  4367 | D:5      | Reached XP level 9. HP: 46/48 MP: 13/20
  4450 | D:5      | Reached skill level 5 in Spellcasting
  4519 | D:5      | Found a snail-covered altar of Cheibriados.
  4533 | D:5      | Reached skill level 8 in Fire Magic
  4856 | D:5      | Found Veaxteen's Antique Armour Shop.
  4904 | D:5      | Bought a pair of encrusted boots for 199 gold pieces
  4909 | D:5      | Identified the +0 pair of boots of Least Resistance {+Blink rC+ Int-3 Dex+2} (You bought it in a shop on level 5 of the Dungeon)
  6060 | D:6      | Found an iron altar of Okawaru.
  6061 | D:6      | Found a bloodstained altar of Trog.
  6310 | D:6      | Reached skill level 9 in Fire Magic
  6322 | D:6      | Learned a level 5 spell: Fireball
  6453 | D:7      | Reached skill level 5 in Evocations
  6482 | D:7      | Found a staircase to the Ecumenical Temple.
  6522 | Temple   | Entered the Ecumenical Temple
  6553 | Temple   | Became a worshipper of Vehumet
  6793 | D:7      | Reached XP level 10. HP: 54/56 MP: 17/23
  7988 | D:8      | Noticed Blork the orc
  8000 | D:8      | Killed Blork the orc
  8106 | D:8      | Acquired Vehumet's first power
  8106 | D:8      | Offered knowledge of Shock by Vehumet.
  8409 | D:8      | Noticed Eustachio
  8439 | D:8      | Killed Eustachio
  8909 | D:9      | Found a white marble altar of Elyvilon.
  9141 | D:9      | Reached skill level 1 in Shields
  9383 | D:5      | Bought a shadowed robe for 119 gold pieces
  9393 | D:5      | Identified the +0 robe of Twinil {+Fly} (You bought it in a shop on level 5 of the Dungeon)
  9869 | D:9      | Found a staircase to the Orcish Mines.
  9925 | D:9      | Reached skill level 10 in Fire Magic
 10476 | D:9      | Found a staircase to the Lair.
 10486 | Lair:1   | Entered Level 1 of the Lair of Beasts
 10793 | Lair:2   | Noticed mossdog's ghost (experienced SpEn)
 10847 | Lair:1   | Reached skill level 5 in Fighting
 10961 | Lair:1   | Noticed Gastronok
 11000 | Lair:1   | Reached XP level 11. HP: 28/63 MP: 19/25
 11281 | Lair:1   | Killed Gastronok
 11535 | Lair:1   | Offered knowledge of Magic Dart by Vehumet.
 11861 | Lair:1   | Reached skill level 11 in Fire Magic
 11933 | Lair:1   | Offered knowledge of Static Discharge by Vehumet.
 12405 | Lair:2   | Found a burning altar of Makhleb.
 12619 | Lair:2   | Acquired Vehumet's second power
 12783 | Lair:2   | Noticed a black mamba
 12788 | Lair:2   | Killed a black mamba
 13000 | Lair:2   | Killed mossdog's ghost
 13074 | Lair:2   | Reached skill level 5 in Shields
 13376 | Lair:3   | Reached XP level 12. HP: 58/71 MP: 12/27
 13516 | Lair:3   | Found an ancient bone altar of Kikubaaqudgha.
 13641 | Lair:3   | Offered knowledge of Airstrike by Vehumet.
 13664 | Lair:3   | Learned a level 4 spell: Airstrike
 14189 | Lair:3   | Reached skill level 1 in Air Magic
 14405 | Lair:3   | Reached skill level 12 in Fire Magic
 14828 | Lair:3   | Acquired Vehumet's third power
 14928 | Lair:4   | Offered knowledge of Bolt of Magma by Vehumet.
 14956 | Lair:4   | Learned a level 5 spell: Bolt of Magma
 15724 | Lair:4   | Found a staircase to the Snake Pit.
 16015 | Lair:4   | Offered knowledge of Force Lance by Vehumet.
 16287 | Lair:4   | Learned a level 2 spell: Blink
 17014 | Lair:4   | Reached XP level 13. HP: 75/78 MP: 21/29
 18011 | Lair:5   | Reached skill level 1 in Translocations
 18208 | Lair:5   | Found a staircase to the Shoals.
 18224 | Lair:5   | Reached skill level 13 in Fire Magic
 18729 | Lair:6   | Offered knowledge of Fulminant Prism by Vehumet.
 19032 | Lair:6   | Reached skill level 10 in Conjurations
 20053 | Lair:6   | Found a viscous altar of Jiyva.
 20053 | Lair:6   | Found a staircase to the Slime Pits.
 20790 | Lair:7   | Offered knowledge of Orb of Destruction by Vehumet.
 20803 | Lair:7   | Identified a scroll of acquirement
 20912 | Lair:7   | Gained mutation: Your wings are large and strong. [gargoyle growth]
 20912 | Lair:7   | Reached XP level 14. HP: 69/86 MP: 31/31
 21161 | Lair:2   | Learned a level 7 spell: Orb of Destruction
 22176 | Lair:7   | Reached skill level 1 in Staves
 22313 | Lair:8   | Entered Level 8 of the Lair of Beasts
 22495 | Lair:8   | Found an iron altar of Okawaru.
 23301 | Lair:8   | Reached skill level 14 in Fire Magic
 24638 | D:9      | Reached skill level 5 in Air Magic
 24660 | D:10     | Entered Level 10 of the Dungeon
 24979 | D:10     | Found Fuliurchi's Book Emporium.
 25303 | D:10     | Offered knowledge of Conjure Ball Lightning by Vehumet.
 25450 | D:10     | Found a portal to a secret trove of treasure.
 26236 | D:11     | Reached skill level 10 in Fighting
 26244 | D:11     | Noticed Sonja
 26248 | D:11     | Killed Sonja
 26982 | Orc:1    | Entered Level 1 of the Orcish Mines
 27019 | Orc:1    | Found an iron altar of Okawaru.
 27068 | Orc:1    | Found Cleeff's Book Boutique.
 28235 | Orc:1    | Offered knowledge of Freezing Cloud by Vehumet.
 28421 | Orc:3    | Reached XP level 15. HP: 90/92 MP: 31/31
 29256 | Orc:2    | Found a roughly hewn altar of Beogh.
 29369 | Orc:4    | Entered Level 4 of the Orcish Mines
 29957 | Orc:4    | Found Givuicw's General Store.
 30003 | Orc:4    | Bought a scroll of blinking for 97 gold pieces
 30003 | Orc:4    | Bought a scroll of identify for 26 gold pieces
 30123 | Orc:4    | Found Quem's Book Shop.
 30348 | Orc:4    | Found Kley's Antique Armour Shoppe.
 30592 | Orc:4    | Found a roughly hewn altar of Beogh.
 30756 | Orc:4    | Found a staircase to the Elven Halls.
 30803 | Orc:4    | Noticed Donald
 30892 | Orc:4    | Offered knowledge of Poisonous Cloud by Vehumet.
 31066 | Orc:4    | Bought a distressingly furry leather armour for 210 gold pieces
 31066 | Orc:4    | Bought a glowing cloak for 135 gold pieces
 31083 | Orc:4    | Found a roughly hewn altar of Beogh.
 31105 | Orc:4    | Found Cluin's Antique Weapon Emporium.
 31224 | Orc:4    | Killed Donald
 31224 | Orc:4    | Reached skill level 5 in Translocations
 31547 | Lair:2   | Identified the +4 leather armour of Fumn {rElec rF- SInv} (You bought it in a shop on level 4 of the Orcish Mines)
 31729 | D:12     | Reached skill level 15 in Fire Magic
 32616 | D:12     | Reached skill level 10 in Shields
 33306 | Lair:2   | Got a coiled amber ring
 33308 | Lair:2   | Identified the ring "Urozxif" {Fire rPois MP+9 Str-4 Int+5} (You acquired it on level 2 of the Lair of Beasts)
 33753 | D:13     | Got a heavily runed chain mail
 34676 | D:14     | Reached skill level 5 in Staves
 34932 | D:14     | Noticed Roxanne
 35089 | D:14     | Offered knowledge of Delayed Fireball by Vehumet.
 35208 | D:14     | Noticed Louise
 35212 | D:14     | Killed Louise
 35325 | D:14     | Found a gate to the Vaults.
 35735 | D:14     | Reached XP level 16. HP: 100/100 MP: 32/32
 35874 | D:14     | Identified the +3 chain mail of Hairiness {rN++ Str+3 Int-3} (You found it on level 13 of the Dungeon)
 36160 | Lair:2   | Learned a level 7 spell: Delayed Fireball
 36590 | D:14     | Killed Roxanne
 36647 | D:15     | Entered Level 15 of the Dungeon
 37147 | D:15     | Found a staircase to the Depths.
 37668 | D:15     | Found a burning altar of Makhleb.
 37934 | D:15     | Found Phideedi's Jewellery Boutique.
 38271 | D:15     | Reached skill level 16 in Fire Magic
 38367 | D:15     | Found a burning altar of Makhleb.
 38878 | Shoals:1 | Entered Level 1 of the Shoals
 39137 | Shoals:1 | Noticed Nikola
 39141 | Shoals:1 | Killed Nikola
 39616 | Shoals:1 | Offered knowledge of Fire Storm by Vehumet.
 39616 | Shoals:1 | Offered knowledge of Chain Lightning by Vehumet.
 39616 | Shoals:1 | Offered knowledge of Tornado by Vehumet.
 39777 | Shoals:2 | Noticed Nessos
 39779 | Shoals:2 | Killed Nessos
 40472 | Shoals:3 | Noticed Aizul
 40482 | Shoals:3 | Killed Aizul
 40482 | Shoals:3 | Reached XP level 17. HP: 82/106 MP: 13/33
 41897 | Shoals:4 | Noticed Frances
 41899 | Shoals:4 | Killed Frances
 42043 | Shoals:4 | Reached skill level 17 in Fire Magic
 42337 | Shoals:5 | Entered Level 5 of the Shoals
 42459 | Shoals:5 | Noticed Ilsuiw
 42710 | Shoals:5 | Killed Ilsuiw
 43111 | Shoals:5 | Got a smoking glaive
 43347 | Lair:2   | Gained mutation: You have supernaturally acute eyesight. [potion of beneficial mutation]
 43348 | Lair:2   | Gained mutation: You are covered in fur (AC +1). [potion of beneficial mutation]
 44000 | Shoals:5 | Got a barnacled rune of Zot
 44383 | Shoals:5 | Reached XP level 18. HP: 112/112 MP: 33/33
 44718 | Snake:1  | Entered Level 1 of the Snake Pit
 44979 | Snake:1  | Found a frozen archway.
 45105 | IceCv    | Entered an ice cave
 45453 | IceCv    | Noticed an Ice Fiend
 45455 | IceCv    | Killed an Ice Fiend
 45544 | IceCv    | Got a heavy robe
 45790 | Lair:2   | Identified the +0 robe "Qibbyic" {rF+ Regen+ Dex-2} (You found it in an ice cave)
 45919 | Lair:2   | Learned a level 7 spell: Spellforged Servitor
 46092 | Snake:1  | Got a distressingly furry chain mail
 46481 | Snake:1  | Reached skill level 1 in Summonings
 47185 | Snake:2  | Noticed Vashnia
 47620 | Snake:2  | Killed Vashnia
 47962 | Snake:2  | Reached skill level 18 in Fire Magic
 48479 | Snake:3  | Found Uxeet's Specialty Armours.
 49611 | Lair:2   | Identified the cursed -2 chain mail of the Salmon {rElec rC+ Str+4 Int+4} (You found it on level 1 of the Snake Pit)
 49624 | Lair:2   | Identified the +2 glaive "Groock" {venom, SInv} (You found it on level 5 of the Shoals)
 50121 | Snake:4  | Reached skill level 15 in Conjurations
 50601 | Snake:4  | Reached skill level 5 in Summonings
 50771 | Snake:5  | Entered Level 5 of the Snake Pit
 50777 | Snake:5  | Noticed Asterion
 50781 | Snake:5  | Killed Asterion
 50784 | Snake:5  | Reached XP level 19. HP: 114/116 MP: 19/34
 53839 | Snake:5  | Got a serpentine rune of Zot
 54367 | Elf:1    | Entered Level 1 of the Elven Halls
 54674 | Elf:1    | Found a magical portal.
 54684 | WizLab   | Entered Wucad Mu's Monastery
 55108 | Elf:1    | Reached XP level 20. HP: 122/122 MP: 35/35
 55196 | Elf:1    | Reached skill level 19 in Fire Magic
 55280 | Elf:1    | Got a bronze scale mail
 55746 | Elf:2    | Got a translucent turquoise ring
 56109 | Elf:2    | Found a runed gate.
 56109 | Elf:2    | Found a runed gate.
 56109 | Elf:2    | Found a runed gate.
 56291 | Elf:2    | Got a slimy plate armour
 56303 | Elf:2    | Identified the ring "Cujas" {Wiz +Blink} (You found it on level 2 of the Elven Halls)
 56356 | Elf:1    | Reached skill level 15 in Shields
 58419 | Elf:3    | Entered Level 3 of the Elven Halls
 59310 | Elf:3    | Got a coiled turquoise ring
 59719 | Elf:3    | Reached skill level 20 in Fire Magic
 59725 | Elf:3    | Noticed Fannar
 59751 | Elf:3    | Killed Fannar
 59897 | Elf:3    | Got a smoking pewter ring
 59922 | Elf:3    | Got a clouded wooden ring
 60298 | Elf:3    | Got a jewelled leather armour
 60350 | Elf:3    | Identified the cursed -5 leather armour of the Iron City of Dis {Dex+2} (You took it off a deep elf sorcerer on level 3 of the Elven Halls)
 60360 | Elf:3    | Identified the ring of Luep Age {MR+ Dex+3} (You took it off a deep elf sorcerer on level 3 of the Elven Halls)
 60362 | Elf:3    | Identified the ring "Tidghe" {Fire rN++ MP-9} (You took it off a deep elf summoner on level 3 of the Elven Halls)
 60364 | Elf:3    | Identified the ring "Pirosuon" {Fire +Blink rElec Str-2 Int-4 Stlth+} (You took it off a deep elf sorcerer on level 3 of the Elven Halls)
 61011 | Elf:3    | Identified Naleodep's Incunabulum of Lightness (You found it on level 3 of the Elven Halls)
 61031 | Elf:3    | Identified the Collected Works on Cankerous Dark Rituals
 61038 | Elf:3    | Identified the Volume of the Rocks and Transformation (You found it on level 3 of the Elven Halls)
 61040 | Elf:3    | Identified the Almanac of Ensnaring Calling (You found it on level 3 of the Elven Halls)
 61416 | Elf:3    | Reached XP level 21. HP: 129/129 MP: 27/35
 61971 | Vaults:1 | Entered Level 1 of the Vaults
 62002 | Vaults:1 | Found Kleehi's Book Shoppe.
 62557 | Vaults:1 | Identified the Catalogue of Igneous Confrontation
 63446 | Vaults:2 | Noticed Jorgrun
 63455 | Vaults:2 | Killed Jorgrun
 63855 | Vaults:2 | Reached skill level 21 in Fire Magic
 64938 | Vaults:2 | Found Gohaunacs' Armour Shoppe.
 64966 | Vaults:2 | Found a staircase to the Crypt.
 64966 | Vaults:2 | Found a basalt altar of Yredelemnul.
 64967 | Vaults:2 | Found an ancient bone altar of Kikubaaqudgha.
 65641 | Vaults:3 | Noticed Saint Roka
 65649 | Vaults:3 | Killed Saint Roka
 66340 | Vaults:3 | Reached XP level 22. HP: 135/135 MP: 34/36
 66346 | Vaults:3 | Found Xuuf's General Store.
 66377 | Vaults:3 | Bought a potion of cancellation for 120 gold pieces
 66377 | Vaults:3 | Bought a potion of heal wounds for 75 gold pieces
 66584 | Vaults:3 | Reached skill level 22 in Fire Magic
 68508 | Vaults:4 | Noticed Jory
 68515 | Vaults:4 | Killed Jory
 69552 | Vaults:4 | Reached skill level 23 in Fire Magic
 70821 | Vaults:4 | Reached XP level 23. HP: 140/140 MP: 26/36
 71057 | Vaults:5 | Entered Level 5 of the Vaults
 71141 | Vaults:5 | Noticed Xtahua
 71584 | Vaults:4 | Killed from afar by a titan

Action                   |  1- 3 |  4- 6 |  7- 9 | 10-12 | 13-15 | 16-18 | 19-21 | 22-24 || total
-------------------------+-------+-------+-------+-------+-------+-------+-------+-------++-------
Melee: Unarmed           |    12 |       |       |       |       |       |       |       ||    12
       Dagger            |    14 |       |       |    73 |       |     4 |    25 |       ||   116
       Whip              |     8 |       |       |    24 |    14 |       |       |       ||    46
       Spear             |    50 |    17 |       |       |       |       |       |       ||    67
       Blowgun           |       |       |       |     1 |       |       |       |       ||     1
       Staff             |       |       |       |    25 |   665 |   172 |    89 |    74 ||  1025
       Falchion          |       |       |       |       |       |    52 |       |       ||    52
 Fire: Blowgun           |       |    13 |   118 |   324 |   172 |       |       |       ||   627
Throw: Tomahawk          |       |       |     1 |       |     1 |     1 |       |       ||     3
       Javelin           |       |       |       |       |       |       |    12 |       ||    12
 Cast: Flame Tongue      |    49 |    71 |   150 |   255 |   263 |    16 |       |       ||   804
       Conjure Flame     |     3 |     6 |    17 |    25 |    39 |    12 |    13 |    10 ||   125
       Sticky Flame      |       |       |    13 |   125 |   201 |    43 |    52 |     8 ||   442
       Fireball          |       |       |       |    46 |   172 |   421 |   522 |   218 ||  1379
       Bolt of Magma     |       |       |       |     1 |    56 |    27 |    40 |    28 ||   152
       Airstrike         |       |       |       |       |    57 |       |       |       ||    57
       Orb of Destructio |       |       |       |       |     5 |    34 |    28 |    10 ||    77
       Delayed Fireball  |       |       |       |       |       |     2 |       |       ||     2
       Blink             |       |       |       |       |       |     2 |       |       ||     2
       Spellforged Servi |       |       |       |       |       |       |    47 |    14 ||    61
 Abil: Fly               |       |       |       |       |     3 |     1 |     1 |       ||     5
       Stop Flying       |       |       |       |       |     3 |       |     1 |       ||     4
       Release Delayed F |       |       |       |       |       |     1 |       |       ||     1
       Evoke Blink       |       |       |       |       |       |       |       |     3 ||     3
Evoke: Rod               |       |     2 |       |    15 |    37 |    29 |       |       ||    83
       Wand              |       |       |     4 |       |     4 |     1 |     3 |       ||    12
       Staff of energy   |       |       |       |       |       |       |    26 |    18 ||    44
  Use: Scroll            |       |       |    12 |     6 |    21 |    20 |     2 |     2 ||    63
       Potion            |       |       |       |     1 |       |     3 |     1 |       ||     5
 Stab: Sleeping          |       |       |    10 |    21 |    17 |       |       |       ||    48
       Distracted        |       |       |       |     4 |     3 |       |       |       ||     7
  Eat: Chunk             |     3 |     5 |    15 |    52 |   133 |   116 |   140 |    56 ||   520
       Beef jerky        |       |       |       |     1 |     1 |     2 |     1 |       ||     5
       Pizza             |       |       |       |     1 |       |       |     1 |     1 ||     3
       Fruit             |       |       |       |     1 |     4 |    10 |     6 |     2 ||    23
       Bread ration      |       |       |       |     1 |       |     3 |     3 |       ||     7
       Meat ration       |       |       |       |       |       |     1 |       |     1 ||     2
